 Dungeon Crawl Stone Soup version 0.19-a0-1326-gee3fcf6 (webtiles) character file.

124732 Ryco the Severer (level 16, -1/135 HPs)
             Began as a Demonspawn Berserker on Aug 31, 2016.
             Was a High Priest of Trog.
             Succumbed to a swamp dragon's poison gas
             ... on level 3 of the Swamp.
             The game lasted 02:26:08 (19914 turns).

Ryco the Severer (Demonspawn Berserker)            Turns: 19914, Time: 02:26:08

Health: -1/135     AC: 10    Str: 23    XL:     16   Next: 39%
Magic:  6/17       EV: 24    Int: 12    God:    Trog [*****.]
Gold:   1831       SH:  4    Dex: 16    Spells: 0 memorised, 15 levels left

rFire  + . .     SeeInvis .     b - +4 battleaxe (freeze)
rCold  . . .     Gourm    .     s - +1 troll leather armour "Nuotiox" {-Cast +Blink rN+ Regen+ rCorr}
rNeg   + . .     Faith    .     (shield currently unavailable)
rPois  .         Spirit   +     (helmet unavailable)
rElec  .         Dismiss  .     (no cloak)
rCorr  +         Reflect  +     i - +2 pair of gloves
MR     +....     Harm     .     (no boots)
Stlth  +++....... Rnd*Tele +    t - +4 amulet of reflection NoCast +
                                O - +3 ring of strength
                                e - ring of the Insatiable Moons {rF+ Str+2}

@: lethally poisoned (-1 -> -98), exhausted, slowed, very slow
A: horns 3, rugged brown scales 2, blink, blurry vision 1, nightstalker 2,
teleportitis 1, magic shield, magic regeneration, magic link, no device heal 1
a: Blink, Berserk, Trog's Hand, Brothers in Arms, Burn Spellbooks, Renounce
Religion, Evoke Blink


You were on level 3 of the Swamp.
You worshipped Trog.
Trog was extremely pleased with you.
You were not hungry.

You visited 4 branches of the dungeon, and saw 27 of its levels.
You also visited: Labyrinth and Ice Cave.

You collected 3152 gold pieces.
You spent 1321 gold pieces at shops.

Inventory:

Hand Weapons
 a - a +4 executioner's axe of flaming
 b - a +4 battleaxe of freezing (weapon)
Missiles
 h - 23 tomahawks (quivered)
 x - 3 throwing nets
Armour
 i - a +2 pair of gloves (worn)
 s - the +1 troll leather armour "Nuotiox" (worn) {-Cast +Blink rN+ Regen+ rCorr}
   (You bought it in a shop on level 2 of the Orcish Mines)

   It protects you from negative energy.
   It lets you blink.
   It prevents spellcasting.
   It increases your rate of regeneration.
   It protects you from acid and corrosion.
Jewellery
 e - the ring of the Insatiable Moons (left hand) {rF+ Str+2}
   (You bought it in a shop on level 2 of the Orcish Mines)

   [ring of protection from fire]

   It affects your strength (+2).
   It protects you from fire.
 t - a +4 amulet of reflection (around neck)
 y - an uncursed ring of magical power
 D - an uncursed amulet of regeneration
 O - a +3 ring of strength (right hand)
 Q - an uncursed ring of protection from cold
Wands
 A - a wand of iceblast (11/15)
 J - a wand of heal wounds (7/9)
 K - a wand of hasting (3/9)
 L - a wand of acid (10/15)
 R - a wand of digging (8/24)
 S - a wand of confusion (29/48)
Scrolls
 f - 4 scrolls of noise
 g - 2 scrolls of fog
 k - 9 scrolls of identify
 l - 5 scrolls of amnesia
 n - 4 scrolls of magic mapping
 v - 14 scrolls of remove curse
 w - 6 scrolls of teleportation
 z - a scroll of immolation
 E - a scroll of summoning
 I - a scroll of fear
 N - 6 scrolls of enchant armour
 X - a scroll of vulnerability {unknown}
 Y - 2 scrolls of blinking
Potions
 d - a potion of magic
 m - 10 potions of curing
 o - 2 potions of haste
 q - 4 potions of lignification
 r - a potion of cancellation
 u - 2 potions of berserk rage
 B - 3 potions of might
 C - 4 potions of flight
 F - 4 potions of brilliance
 G - a potion of invisibility
 H - 4 potions of agility
 U - 2 potions of ambrosia {unknown}
 W - 2 potions of heal wounds
Books
 j - a book of Maledictions

   Spells                             Type                      Level
   a - Corona                         Hexes                        1
   b - Ensorcelled Hibernation        Hexes/Ice                    2
   c - Confuse                        Hexes                        3
   d - Tukima's Dance                 Hexes                        3
   e - Dazzling Spray                 Conjuration/Hexes            3
   Trog disapproves of the use of such an item.
Miscellaneous
 P - a phantom mirror
 T - a fan of gales
Comestibles
 c - 17 bread rations
 p - 4 meat rations
 Z - 18 fruits


   Skills:
 + Level 12.9 Fighting
 * Level 17.8 Axes
 - Level 2.1 Throwing
 - Level 1.7 Armour
 + Level 15.9 Dodging
 - Level 0.2 Stealth
 + Level 1.7 Evocations


You had 15 spell levels left.
You didn't know any spells.

Dungeon Overview and Level Annotations

Branches:
Dungeon (15/15)            Temple (0/1) D:5            Lair (6/6) D:11
  Swamp (4/4) Lair:3        Snake (0/4) Lair:3        Slime (0/5) Lair:6
    Orc (2/2) D:9             Elf (0/3) Orc:2        Vaults (0/5) D:14
 Depths (0/5) D:15

Altars:
Ashenzari
Cheibriados
Dithmenos
Elyvilon
Fedhas
Hepliaklqana
Okawaru
Ru
Sif Muna
Uskayaw
Vehumet

Shops:
D:14 %   Orc:2 =(}(*

Portals:
Trove: D:12 (give 19 scrolls of identify)

Annotations:
D:4 Duvessa
Lair:6 exclusion: 2 oklob plants


Innate Abilities, Weirdness & Mutations

You have a pair of large horns on your head.
You are mostly covered in rugged brown scales. (AC +2, +5% HP)
You are significantly more attuned to the shadows.
When hurt, damage is shared between your health and your magic reserves.
You regenerate magic rapidly.
When low on magic, you restore magic in place of health.
You can translocate small distances at will.
Scrolls take you a little longer to read.
You are occasionally teleported next to monsters.
Potions and wands are less effective at restoring your health.


Message History

The eight-headed hydra bites you.
* * * LOW HITPOINT WARNING * * *
The eight-headed hydra completely misses you.
The eight-headed hydra bites you.
* * * LOW HITPOINT WARNING * * *
The eight-headed hydra bites you.
* * * LOW HITPOINT WARNING * * *
The eight-headed hydra closely misses you.
The eight-headed hydra completely misses you.
You climb upwards.
* * * LOW HITPOINT WARNING * * *
You feel extremely sick.
There is a stone staircase leading down here.
Unknown command.
You are too berserk!
You feel your anger subside.
You are no longer berserk.
Trog's vigour flows through your veins.
You are exhausted.
You feel yourself slow down.
You die...

≈..♣♣ ♣.≈♣.≈.♣ ♣♣..♣♣ ♣♣≈♣≈≈≈.♣
§≈♣.♣♣ ♣.≈....♣ ♣.≈.♣ ♣.♣.≈...<
♣≈÷..♣♣♣≈≈≈≈.♣♣ ♣..♣♣ ♣♣.≈≈≈.≈≈
≈≈...≈.≈.≈≈≈..♣♣ ♣≈≈♣ ♣♣ ♣♣≈≈..≈≈
♣≈≈♣≈≈≈≈≈≈≈≈≈≈≈♣ ♣.≈♣♣♣.♣♣≈≈♣....
♣♣≈.≈≈.≈.......♣♣♣.≈♣♣≈≈..≈..##..
♣♣≈≈≈.♣≈≈♣.♣≈.D...≈♣..(...♣..##.
♣♣≈..≈≈≈§≈≈≈≈.>≈♣≈♣ ♣........#
♣♣♣..≈.♣..≈..@≈♣≈♣ ♣♣.≈≈§...#
♣♣≈≈.♣♣......≈♣♣ ♣.......#
♣♣§≈♣♣♣≈.♣.§.♣ ♣#.....##
♣≈♣..♣♣≈..≈≈≈♣ ##...#..
♣♣..≈.♣♣≈≈≈≈≈. ..##.#..
♣.≈≈.≈≈......♣ ♣.. ....♣ ♣.......
... ♣♣♣♣ ♣♣≈≈≈.≈≈. ♣......≈≈


You could see an eight-headed hydra.

Vanquished Creatures
  A tentacled monstrosity (Swamp:2)
  Rupert (Lair:5)
  Frances (Swamp:2)
  A thorn hunter (Swamp:2)
  A frost giant (IceCv)
  Snorg (Orc:1)
  A minotaur (Lab)
  A rakshasa (D:12)
  19 hydras
  An ice dragon (Lair:6)
  3 vault guards (D:14)
  2 ghost crabs
  A centaur warrior (D:12)
  2 alligators
  4 death yaks
  3 tengu warriors
  Sonja (D:10)
  A fire crab (Lair:6)
  A spark wasp zombie (D:15)
  An unseen horror (D:7)
  A deep troll (Orc:1)
  A flayed ghost (D:15)
  3 swamp dragons
  2 shambling mangroves
  A lindwurm (Lair:6)
  Pikel (D:8)
  9 hill giants
  A necromancer (D:15)
  3 orc knights
  10 ugly things
  A wolf spider (D:12)
  2 wolf spider zombies (D:15)
  2 orc sorcerers
  An oklob plant (Lair:5)
  3 griffons
  3 cyclopes
  A hornet (D:12)
  3 manticores
  2 black mambas
  5 torpor snails (Lair:6)
  2 centaur zombies
  3 gargoyles
  4 komodo dragons
  2 rime drakes (IceCv)
  2 freezing wraiths
  9 spiny frogs
  A tengu conjurer (D:14)
  23 polar bears
  17 trolls
  6 giant leeches
  4 raiju (Lair:6)
  6 bog bodies
  8 two-headed ogres
  6 dream sheep (Lair:6)
  A boulder beetle (Lair:5)
  14 slime creatures
  8 blink frogs (Lair:6)
  A meliai zombie (D:10)
  2 wyverns
  2 water elementals (D:12)
  The ghost of TheGoonsmith the Vexing, an amateur VSEn of Ashenzari (D:4)
  A fire elemental (D:14)
  32 yaks
  A redback (Lab)
  2 spriggans
  A vampire (D:12)
  3 shadows
  3 basilisks
  6 hippogriffs
  6 hungry ghosts
  8 vampire mosquitoes
  A mottled dragon (D:15)
  12 swamp worms
  7 wargs (Lair:6)
  8 insubstantial wisps
  A soldier ant (D:14)
  4 hell hounds (Lair:6)
  A sky beast (D:12)
  4 porcupines
  11 water moccasins
  25 orc warriors
  16 wasps
  12 ice beasts
  16 black bears
  9 swamp drakes
  An eye of draining (D:11)
  A necrophage (D:15)
  32 wolves
  26 ogres
  4 phantoms
  17 centaurs
  6 crocodiles
  4 big kobolds
  9 giant frogs
  4 scorpions
  A wyvern skeleton (D:12)
  Dowan (D:4)
  16 killer bees
  9 howler monkeys
  2 electric eels (Lair:3)
  8 crimson imps
  3 giant frog zombies
  23 hounds
  A wasp zombie (D:6)
  23 orc priests
  4 jellies
  4 centaur skeletons
  2 giant frog skeletons
  8 iguanas
  23 orc wizards
  5 hell rats (Lair:6)
  5 worker ants
  A hound skeleton (D:6)
  4 gnolls (D:10)
  14 adders
  13 river rats
  5 shadow imps
  4 oozes
  An adder skeleton (D:8)
  4 worms
  2 dart slugs
  2 giant geckos
  79 orcs
  3 giant cockroaches
  6 goblins
  10 hobgoblins
  14 jackals
  16 kobolds
  3 quokkas
  A ball python (D:1)
  8 bats
  2 giant newts
  A quokka skeleton (D:5)
  A quokka zombie (D:5)
  6 rats
  10 fungi
  12 plants
  A withered plant (D:15)
879 creatures vanquished.

Vanquished Creatures (collateral kills)
  A frost giant (D:12)
  A vault guard (D:14)
  2 hydras (D:12)
  An ogre mage (Orc:2)
  A deep troll (Orc:2)
  2 skeletal warriors (D:15)
  A shambling mangrove (Swamp:3)
  2 cyclopes
  An orc sorcerer (Orc:2)
  An orc knight (D:12)
  A tengu skeleton (D:15)
  A stone giant skeleton (D:15)
  A torpor snail (Lair:6)
  A fire giant skeleton (D:15)
  A gargoyle (D:12)
  An ice statue (IceCv)
  2 trolls
  A two-headed ogre (D:12)
  A hungry ghost (D:12)
  A mottled dragon (D:15)
  3 vampire mosquitoes (D:15)
  A giant eyeball (shapeshifter) (D:12)
  An orc warrior (D:12)
  An ice beast (D:12)
  An eye of draining (D:12)
  A wasp (Swamp:3)
  A boggart (D:12)
  2 ogres
  A centaur (D:12)
  A crimson imp (D:12)
  A jelly (D:12)
  An adder (D:12)
39 creatures vanquished.

Vanquished Creatures (others)
  An ogre mage (Orc:2)
  2 slaves (D:8)
  20 fungi
  24 plants
47 creatures vanquished.

Grand Total: 965 creatures vanquished

Notes
Turn   | Place    | Note
-------+----------+-------------------------------------------
     0 | D:1      | Ryco the Demonspawn Berserker began the quest for the Orb.
     0 | D:1      | Reached XP level 1. HP: 18/18 MP: 1/1
   133 | D:1      | Reached skill level 3 in Axes
   181 | D:1      | Gained mutation: You are slightly more attuned to the shadows. [demonic ancestry]
   181 | D:1      | Reached XP level 2. HP: 17/24 MP: 2/2
   328 | D:1      | Gained mutation: You are partially covered in rugged brown scales. (AC +1, +3% HP) [demonic ancestry]
   328 | D:1      | Reached XP level 3. HP: 11/29 MP: 3/3
   513 | D:2      | Reached ** piety under Trog
   716 | D:3      | Gained mutation: You are significantly more attuned to the shadows. [demonic ancestry]
   716 | D:3      | Reached XP level 4. HP: 20/37 MP: 4/4
   991 | D:2      | Noticed a dagger
   991 | D:2      | Noticed a dagger
   997 | D:2      | Found a hide-covered altar of Uskayaw.
  1046 | D:2      | Reached skill level 4 in Axes
  1269 | D:3      | Reached XP level 5. HP: 20/43 MP: 5/5
  1273 | D:3      | Found an iron altar of Okawaru.
  1603 | D:4      | Noticed an ogre
  1609 | D:4      | Killed an ogre
  1609 | D:4      | Reached skill level 5 in Axes
  1609 | D:4      | Reached XP level 6. HP: 19/49 MP: 6/6
  1672 | D:4      | Noticed TheGoonsmith's ghost (amateur VSEn)
  1676 | D:4      | Noticed Duvessa
  1676 | D:4      | Noticed Dowan
  1714 | D:5      | Entered Level 5 of the Dungeon
  1798 | D:5      | Found a staircase to the Ecumenical Temple.
  1860 | D:5      | Found a sacrificial altar of Ru.
  1892 | D:5      | Gained mutation: Your flesh is heat resistant. (rF+) [potion of mutation]
  1892 | D:5      | Gained mutation: You are occasionally teleported next to monsters. [potion of mutation]
  1903 | D:5      | Gained mutation: You are dopey. (Int -2) [potion of mutation]
  1903 | D:5      | Gained mutation: Your muscles are strong. (Str +2) [potion of mutation]
  1904 | D:5      | Lost mutation: Your flesh is heat resistant. (rF+) [potion of mutation]
  1904 | D:5      | Gained mutation: Armour fits poorly on your strangely shaped body. [potion of mutation]
  1904 | D:5      | Gained mutation: You have large cloven feet. [potion of mutation]
  1908 | D:5      | Lost mutation: You have large cloven feet. [potion of cure mutation]
  1908 | D:5      | Lost mutation: Your muscles are strong. (Str +2) [potion of cure mutation]
  1908 | D:5      | Lost mutation: You are dopey. (Int -2) [potion of cure mutation]
  1934 | D:5      | Gained mutation: You have a pair of small horns on your head. [demonic ancestry]
  1934 | D:5      | Reached XP level 7. HP: 27/55 MP: 7/7
  1947 | D:5      | Found a shattered altar of Ashenzari.
  1970 | D:4      | Reached *** piety under Trog
  1974 | D:4      | Reached skill level 6 in Axes
  1978 | D:4      | Found a blossoming altar of Fedhas.
  2397 | D:4      | Killed Dowan
  2456 | D:4      | Killed TheGoonsmith's ghost
  2527 | D:5      | Reached skill level 7 in Axes
  2527 | D:5      | Gained mutation: You have a pair of horns on your head. [demonic ancestry]
  2527 | D:5      | Reached XP level 8. HP: 53/62 MP: 8/8
  2656 | D:5      | Reached skill level 5 in Fighting
  2868 | D:6      | Reached skill level 5 in Dodging
  3433 | D:6      | Reached skill level 8 in Axes
  3868 | D:7      | Reached XP level 9. HP: 53/71 MP: 9/9
  4023 | D:7      | Found a hazy altar of Hepliaklqana.
  4498 | D:8      | Noticed Pikel
  4509 | D:8      | Killed Pikel
  4602 | D:8      | Reached **** piety under Trog
  4630 | D:8      | Found a white marble altar of Elyvilon.
  4738 | D:8      | Found a snail-covered altar of Cheibriados.
  5162 | D:8      | Noticed a purple ugly thing
  5168 | D:8      | Killed a purple ugly thing
  5168 | D:8      | Reached skill level 9 in Axes
  5168 | D:8      | Gained mutation: You have a pair of large horns on your head. [demonic ancestry]
  5168 | D:8      | Reached XP level 10. HP: 79/79 MP: 10/10
  5169 | D:8      | Noticed a hill giant
  5211 | D:8      | Killed a hill giant
  5260 | D:8      | Gained mutation: You are robust. (+10% HP) [mutagenic meat]
  5419 | D:7      | Killed an unseen horror
  5459 | D:7      | Found a deep blue altar of Sif Muna.
  5634 | D:9      | Found a radiant altar of Vehumet.
  6037 | D:9      | Reached skill level 10 in Dodging
  6068 | D:9      | Found a staircase to the Orcish Mines.
  6122 | Orc:1    | Entered Level 1 of the Orcish Mines
  6163 | Orc:1    | Noticed an orc knight
  6177 | Orc:1    | Killed an orc knight
  6214 | Orc:1    | Noticed an orc sorcerer
  6235 | Orc:1    | Noticed a soul eater
  6237 | Orc:1    | Noticed a rust devil
  6241 | Orc:1    | Killed an orc sorcerer
  6322 | Orc:2    | Entered Level 2 of the Orcish Mines
  6341 | Orc:2    | Gained mutation: You are mostly covered in rugged brown scales. (AC +2, +5% HP) [demonic ancestry]
  6341 | Orc:2    | Reached XP level 11. HP: 70/96 MP: 11/11
  6522 | Orc:2    | Found Wasu Roh's Assorted Antiques.
  6528 | Orc:2    | Bought a heavily runed troll leather armour for 280 gold pieces
  6528 | Orc:2    | Bought a scroll of magic mapping for 98 gold pieces
  6528 | Orc:2    | Bought a scroll labeled PULOSE VIOZUO for 28 gold pieces
  6539 | Orc:2    | Identified the +1 troll leather armour "Nuotiox" {-Cast +Blink rN+ Regen+ rCorr} (You bought it in a shop on level 2 of the Orcish Mines)
  6596 | Orc:2    | Reached ***** piety under Trog
  6653 | Orc:1    | Noticed Snorg
  6667 | Orc:1    | Reached skill level 10 in Axes
  6760 | Orc:1    | Noticed an orc knight
  6764 | Orc:1    | Killed Snorg
  6850 | Orc:1    | Killed an orc knight
  6916 | Orc:1    | Received a gift from Trog
  7034 | Orc:2    | Found a staircase to the Elven Halls.
  7091 | Orc:2    | Found Pann's Weapon Boutique.
  7092 | Orc:2    | Noticed a hill giant
  7115 | Orc:2    | Noticed an ogre mage
  7125 | Orc:2    | Killed a hill giant
  7134 | Orc:2    | Killed an ogre mage
  7139 | Orc:2    | Reached skill level 11 in Axes
  7147 | Orc:2    | Found Lusyditsi's Jewellery Boutique.
  7147 | Orc:2    | Found Itirachagye's Antique Weapon Shoppe.
  7147 | Orc:2    | Noticed an ogre mage
  7147 | Orc:2    | Noticed a deep troll
  7147 | Orc:2    | Noticed a hill giant
  7148 | Orc:2    | Noticed a deep troll
  7181 | Orc:1    | Reached skill level 1 in Evocations
  7240 | Orc:1    | Killed a deep troll
  7378 | Orc:2    | Reached XP level 12. HP: 96/108 MP: 12/12
  7384 | Orc:2    | Reached skill level 1 in Throwing
  7578 | Orc:2    | Killed an ogre mage
  7584 | Orc:2    | Reached skill level 12 in Axes
  7718 | Orc:2    | Found Ranuats's Gadget Shop.
  7759 | Orc:2    | Bought the ring of the Insatiable Moons {rF+ Str+2} for 579 gold pieces
  7809 | Orc:2    | Bought a scroll of fog for 56 gold pieces
  7809 | Orc:2    | Bought a potion of haste for 280 gold pieces
  8024 | D:10     | Entered Level 10 of the Dungeon
  8094 | D:10     | Noticed Sonja
  8434 | D:11     | Found a staircase to the Lair.
  8741 | D:11     | Received a gift from Trog
  8994 | D:10     | Killed Sonja
  9806 | D:11     | Reached skill level 13 in Axes
  9815 | D:11     | Gained mutation: You are somewhat resistant to further mutation. [mutagenic meat]
  9910 | Lair:1   | Entered Level 1 of the Lair of Beasts
 10473 | Lair:2   | Found a frozen archway.
 10489 | Lair:2   | Reached XP level 13. HP: 107/117 MP: 13/13
 10510 | IceCv    | Entered an ice cave
 10983 | IceCv    | Reached skill level 10 in Fighting
 11043 | IceCv    | Received a gift from Trog
 11243 | IceCv    | Noticed a frost giant
 11315 | IceCv    | Killed a frost giant
 11447 | Lair:3   | Found a staircase to the Snake Pit.
 11491 | Lair:3   | Found a staircase to the Swamp.
 11575 | Lair:4   | Found a labyrinth entrance.
 11578 | Lab      | Entered a labyrinth
 11604 | Lab      | Reached skill level 14 in Axes
 11884 | Lab      | Noticed a minotaur
 11891 | Lab      | Killed a minotaur
 11894 | Lab      | Got a pair of brightly glowing boots
 11905 | Lab      | Identified the -2 pair of boots "Hablaptos" {rN+} (You found it in a labyrinth)
 12300 | Lair:5   | Lost mutation: You are robust. (+10% HP) [potion of cure mutation]
 12300 | Lair:5   | Lost mutation: You are somewhat resistant to further mutation. [potion of cure mutation]
 12300 | Lair:5   | Lost mutation: Armour fits poorly on your strangely shaped body. [potion of cure mutation]
 12382 | Lair:5   | Noticed Rupert
 12400 | Lair:5   | Killed Rupert
 12434 | Lair:5   | Found a shattered altar of Ashenzari.
 12518 | Lair:5   | Gained mutation: When hurt, damage is shared between your health and your magic reserves. [demonic ancestry]
 12518 | Lair:5   | Reached XP level 14. HP: 116/116 MP: 14/14
 12682 | Lair:6   | Entered Level 6 of the Lair of Beasts
 12729 | Lair:6   | Identified a scroll of acquirement
 12753 | Lair:6   | Found a blossoming altar of Fedhas.
 12819 | Lair:6   | Received a gift from Trog
 12848 | Lair:6   | Found a staircase to the Slime Pits.
 13033 | Lair:6   | Found a runed door.
 13065 | Lair:6   | Reached skill level 15 in Axes
 13715 | Lair:6   | Received a gift from Trog
 13832 | Lair:6   | Received a gift from Trog
 14081 | D:12     | Found a portal to a secret trove of treasure.
 14235 | D:12     | Noticed a frost giant
 14238 | D:12     | Killed a frost giant
 14291 | D:12     | Gained mutation: You regenerate magic rapidly. [demonic ancestry]
 14291 | D:12     | Reached XP level 15. HP: 45/126 MP: 4/15
 14325 | D:12     | Received a gift from Trog
 14443 | D:12     | Got an uncursed scorched war axe {freeze}
 14444 | D:12     | Identified the +0 war axe "Thing" {freeze, rC- Int+6} (You took it off a centaur warrior on level 12 of the Dungeon)
 14579 | D:12     | Reached skill level 15 in Dodging
 14828 | D:12     | Received a gift from Trog
 15396 | D:13     | Reached skill level 16 in Axes
 15451 | D:13     | Gained mutation: Potions and wands are less effective at restoring your health. [potion of mutation]
 15451 | D:13     | Gained mutation: You are frail. (-10% HP) [potion of mutation]
 15451 | D:13     | Gained mutation: You are agile. (Dex +2) [potion of mutation]
 15880 | D:14     | Found Betzot's Food Emporium.
 15889 | D:15     | Entered Level 15 of the Dungeon
 15938 | D:15     | Found a staircase to the Depths.
 16051 | D:15     | Found a shadowy altar of Dithmenos.
 16166 | D:15     | Received a gift from Trog
 16647 | D:14     | Found a gate to the Vaults.
 16767 | D:14     | Found a white marble altar of Elyvilon.
 17761 | Swamp:1  | Entered Level 1 of the Swamp
 17794 | Swamp:1  | Lost mutation: You are frail. (-10% HP) [potion of cure mutation]
 17794 | Swamp:1  | Lost mutation: You are agile. (Dex +2) [potion of cure mutation]
 17840 | Swamp:1  | Got a spiked leather armour
 17851 | Swamp:1  | Identified the +1 leather armour of the Imp {Dex+4} (You found it on level 1 of the Swamp)
 17927 | Swamp:1  | Reached skill level 17 in Axes
 18336 | Swamp:2  | Noticed Frances
 18342 | Swamp:2  | Killed Frances
 18369 | Swamp:3  | Got an ichor-stained robe
 18380 | Swamp:3  | Identified the +1 robe "Luecw" {rF+ rC- SInv} (You found it on level 3 of the Swamp)
 18467 | Swamp:2  | Noticed a thorn hunter
 18479 | Swamp:2  | Killed a thorn hunter
 18479 | Swamp:2  | Gained mutation: When low on magic, you restore magic in place of health. [demonic ancestry]
 18479 | Swamp:2  | Reached XP level 16. HP: 37/135 MP: 5/17
 18682 | Swamp:2  | Gained mutation: You can translocate small distances at will. [potion of mutation]
 18682 | Swamp:2  | Gained mutation: Scrolls take you a little longer to read. [potion of mutation]
 18685 | Swamp:2  | Noticed a tentacled monstrosity
 18693 | Swamp:2  | Killed a tentacled monstrosity
 19375 | Swamp:4  | Entered Level 4 of the Swamp
 19420 | Swamp:3  | Received a gift from Trog
 19913 | Swamp:3  | HP: 8/202 [poisoned by a swamp dragon (poison gas)]
 19914 | Swamp:3  | Succumbed to a swamp dragon's poison gas

Vault maps used:
D:1:      minmay_arrival_plants_in_alcoves
D:2:      dancing_weapons_uskayaw, supply_closet_lemuel
D:3:      lemuel_doored_altar, nicolae_overflow_hidden_temple,
          gup_sewer_entry_bubbles
D:4:      kennysheep_mini, uniq_duvessa
D:5:      gammafunk_temple_overflow_pools, nicolae_ashenzari_panopticon,
          nicolae_ru_sacrificial_ziggurat, first_bread
D:6:      minivault_11, lexackson_kobold_supper
D:7:      led_sif_book, kennysheep_little_box, kennysheep_small_square
D:8:      elyvilon_altar_5, basic_altar, uniq_pikel
D:9:      vehumet_crystals, erik_orc_1, hangedman_ranch
D:10:     hangedman_abyss_or_decor_slice, uniq_sonja
D:11:     due_lair_maze_entry_diamond, roderic_serpentine_path
D:12:     minmay_heptahexagon, enter_trove_1, minivault_14, kennysheep_doodads,
          st_stairs_14, spider_trap
D:13:     moated_statue
D:14:     lightli_vaults_fourway_checkpoint, nicolae_lava_and_water,
          basic_altar, serial_shops, nicolae_shop_crystal,
          lightli_corner_chamber
D:15:     gammafunk_depths_entry_grave, grunt_dithmenos_smoke
Lair:1:   beast_lair_carwin_3, grunt_megastairs_2, serial_bayou_shore_b,
          uniq_gastronok
Lair:2:   portal_ice_cave_entry_ice_beasts, st_stairs_13
Lair:3:   swamp_mist_pool, dummy_snake_entry, infiniplex_staircase_pool,
          serial_bayou_shore_a
Lair:4:   lab_entry_generic, grunt_megastairs_3
Lair:5:   basic_altar, grunt_forest_large_clearing_hut, uniq_rupert
Lair:6:   wormcave, hangedman_lair_caniforms_friends,
          minmay_slime_entry_oklob_open, basic_altar, lemuel_fruit_fields,
          infiniplex_staircase_pool_2
Swamp:1:  hangedman_swamp_pad
Swamp:2:  nicolae_swamp_godswood, swamp_pool1, uniq_frances
Swamp:3:  evilmike_swamp_ruin_house_4
Swamp:4:  swamp, swamp_pool1
Orc:1:    uniq_snorg
Orc:2:    st_orc_open, serial_shops, nicolae_shop_waterfront
Lab:      nicolae_lab_statue, labyrinth_skeletal_remains, nicolae_lab_x,
          nicolae_lab_blocks
IceCv:    ice_cave_caverns_01

Skill      XL: |  1  2  3  4  5  6  7  8  9 10 11 12 13 14 15 |
---------------+----------------------------------------------+-----
Axes           | 3 4 5 7 8 9 11 13 14 15 17 | 17.8
Dodging        | 2 3 4 6 8 11 12 13 14 15 | 15.9
Fighting       | 4 5 6 7 8 9 10 11 12 | 12.9
Evocations     | 1 |  1.7
Throwing       | 1 2 |  2.1
Armour         | |  1.7
Stealth        | |  0.2

Action                   |  1- 3 |  4- 6 |  7- 9 | 10-12 | 13-15 | 16-18 || total
-------------------------+-------+-------+-------+-------+-------+-------++-------
Melee: Hand axe          |   108 |   121 |       |   179 |    60 |       ||   468
       War axe           |       |    58 |   303 |   597 |   400 |       ||  1358
       Headbutt          |       |       |    68 |   197 |   365 |    37 ||   667
       Battleaxe         |       |       |       |       |   527 |   117 ||   644
       Executioner's axe |       |       |       |       |   306 |    40 ||   346
 Fire: Blowgun           |       |       |       |     1 |     2 |       ||     3
Throw: Tomahawk          |       |       |     4 |     7 |    10 |     5 ||    26
Invok: Berserk           |       |     5 |     6 |    10 |     9 |     3 ||    33
       Trog's Hand       |       |     1 |     3 |    13 |    21 |     3 ||    41
       Brothers in Arms  |       |       |       |     1 |    10 |     1 ||    12
       Burn Spellbooks   |       |       |       |       |     2 |       ||     2
Evoke: Wand              |       |       |       |     9 |     8 |     3 ||    20
  Use: Potion            |       |     7 |     1 |     1 |     8 |     2 ||    19
       Scroll            |       |       |     4 |    14 |    15 |     1 ||    34
 Stab: Sleeping          |     5 |     9 |    11 |    20 |    36 |     1 ||    82
       Distracted        |       |       |       |     1 |     5 |     1 ||     7
       Confused          |       |       |       |       |     2 |       ||     2
  Eat: Chunk             |       |     7 |     5 |    28 |    12 |       ||    52
       Meat ration       |       |     1 |       |       |     3 |     1 ||     5
       Pizza             |       |       |     3 |     3 |       |       ||     6
       Beef jerky        |       |       |     3 |     3 |     2 |     1 ||     9
       Bread ration      |       |       |       |       |     1 |       ||     1
       Royal jelly       |       |       |       |       |    13 |       ||    13
       Fruit             |       |       |       |       |     2 |     1 ||     3
Armor: Animal skin       |     8 |       |       |       |       |       ||     8
       Leather armour    |    31 |    39 |    38 |    29 |       |       ||   137
       Troll leather arm |       |       |       |   105 |   253 |    41 ||   399
Dodge: Dodged            |    83 |   135 |   261 |   634 |  1182 |   182 ||  2477
Block: Buckler           |       |       |     8 |    73 |       |       ||    81
       Shield            |       |       |       |   133 |   152 |       ||   285
       Other             |       |       |       |       |    30 |    36 ||    66
       Reflection        |       |       |       |       |     2 |       ||     2
